 Dungeon Crawl Stone Soup version 0.31-a0-188-g5e087ee2ca (webtiles) character file.

Game seed: 14755183246629181378

11406 qw the Markself (level 11, -3/67 HPs)
             Began as a Deep Elf Hunter on June 23, 2023.
             Was an Elder of Okawaru.
             Succumbed to a hornet's poison
             ... on level 1 of the Lair of Beasts.
             The game lasted 00:05:20 (8832 turns).

qw the Markself (Deep Elf Hunter)                   Turns: 8832, Time: 00:05:21

Health: -3/67      AC: 10    Str: 12    XL:     11   Next: 48%
Magic:  15/17      EV: 22    Int: 15    God:    Okawaru [****..]
Gold:   593        SH:  0    Dex: 18    Spells: 10/10 levels left

rFire   . . .        Y - +4 orcbow
rCold   . . .        (shield currently unavailable)
rNeg    . . .        j - +1 robe of Vines {NoPotionHeal Regen++++}
rPois   .            d - +0 helmet
rElec   .            (no cloak)
rCorr   .            e - +0 pair of gloves
SInv    +            (no boots)
Will    +....        (no amulet)
Stlth   +++          m - ring of see invisible
HPRegen 3.51/turn    b - +4 ring of protection
MPRegen 0.15/turn

%: no passive effects
@: lethally poisoned (-3 -> -14), about to teleport, heroic, slowed, very slow
A: no striking features
a: Renounce Religion, Heroism, Finesse


You were on level 1 of the Lair of Beasts.
You worshipped Okawaru.
Okawaru was greatly pleased with you.
You visited 3 branches of the dungeon, and saw 12 of its levels.
You also visited: Sewer.

You collected 838 gold pieces.
You spent 245 gold pieces at shops.


   Skills:
 + Level 7.3(12.3) Fighting
 - Level 16.1(21.1) Ranged Weapons
 - Level 1.8(6.8) Armour
 - Level 11.0(16.0) Dodging
 - Level 1.2(6.2) Stealth
 + Level 6.4 Invocations


You had 10 spell levels left.
You didn't know any spells.
Your spell library was empty.

Inventory:

Hand Weapons
 Y - a +4 orcbow (weapon)
Armour
 d - a +0 helmet (worn)
 e - a +0 pair of gloves (worn)
 j - the +1 robe of Vines (worn) {NoPotionHeal Regen++++}
   (You found it on level 4 of the Dungeon)

   NoPotionHeal: Its wearer cannot be healed by potions.
   Regen:     It increases your rate of health regeneration.
Jewellery
 b - a +4 ring of protection (right hand)
 g - the ring "Zati" {Ice rCorr Int+4}
   (You acquired it on level 4 of the Dungeon)

   [ring of ice]

   It enhances your ice magic.
   Int:       It affects your intelligence (+4).
   rF:        It makes you vulnerable to fire.
   rC:        It protects you from cold.
   rCorr:     It protects you from acid and corrosion.
 l - a ring of willpower
 m - a ring of see invisible (left hand)
 o - a ring of protection from cold
 r - a ring of protection from fire
Scrolls
 h - 13 scrolls of identify
 n - 6 scrolls of teleportation
Potions
 a - 2 potions of might
 c - 7 potions of enlightenment
 f - a potion of resistance
 i - a potion of magic
 k - 2 potions of heal wounds
 p - 2 potions of curing

Dungeon Overview and Level Annotations

Branches:
Dungeon (10/15)            Temple (1/1) D:4            Lair (1/5) D:10
    Orc (0/2) D:10          Sewer (visited)

Altars:
Ashenzari
Cheibriados
Dithmenos
Elyvilon
Fedhas
Gozag
Hepliaklqana
Kikubaaqudgha
Makhleb
Nemelex Xobeh
Okawaru
Qazlal
Ru
Sif Muna
Trog
Uskayaw
Vehumet
Wu Jian
Xom
Yredelemnul
Zin
The Shining One

Shops:
D:1 (   D:5 (*:   D:6 *   D:7 =

Annotations:
Lair:1 Gastronok


Message History

You feel yourself slow down. The hornet stings you.
You feel as though you will be slow longer.
The hornet completely misses you. The hornet barely misses you.
A hornet comes into view.
The hornet closely misses you.
You shoot an arrow. The hornet buzzes angrily.
The arrow hits the hornet.
The hornet is severely wounded.
You feel sick.
You hear a horrible gurgling sound!
The hornet closely misses you. The hornet stings you.
You suddenly lose the ability to move!
The hornet stings you.
You feel as though you will be slow longer.
The hornet stings you!
You feel as though you will be slow longer.
The hornet stings you.
You feel as though you will be slow longer.
Gastronok the Ponderous comes into view.
You can move again.
8831 ||| INVOKING Heroism.
You gain the combat prowess of a mighty hero.
You feel very sick. The hornet stings you!
You shrug off the repeated paralysis!
The hornet barely misses you. The hornet misses you. The hornet stings you.
You are more poisoned.
You feel as though you will be slow longer.
The hornet stings you.
You are more poisoned.
You feel as though you will be slow longer.
The hornet stings you!
You shrug off the repeated paralysis!
The hornet closely misses you. The hornet stings you.
You are more poisoned.
You shrug off the repeated paralysis!
The hornet stings you but does no damage.
The hornet completely misses you.
8832 ||| READING 7 scrolls of teleportation.
As you read the scroll of teleportation, it crumbles to dust.
You feel strangely unstable.
You die...

#......#...#...#
##.....#........# .
#...[.#........## .#
##...............# #.#
#......#.........##.##.
##........##......y..w.
#........##...........
#........##...yy......
#.....#.###...@yh.....
##.#...........y.##..#
#..#............##
#.#..............##
#...................
#....................
####............P.#.#
#............#####
#####.####.###


You could see Gastronok, 5 hornets and a black bear.

Vanquished Creatures
  2 cane toads
  A gargoyle (D:10)
  A troll (D:10)
  2 hornets (Lair:1)
  A shadow (D:10)
  A wyvern (D:9)
  19 yaks
  Grum (D:8)
  2 steam dragons
  5 water moccasins
  A sky beast (D:4)
  4 black bears
  8 orc warriors
  6 ogres
  2 wolves (D:8)
  3 centaurs
  A phantom (D:5)
  10 kobold brigands
  3 bullfrogs
  3 gnoll sergeants (D:10)
  A scorpion (D:5)
  11 wights
  18 killer bees
  5 howler monkeys
  2 jellies
  3 hounds
  4 orc priests
  4 iguanas
  2 sleepcaps
  8 orc wizards
  Terence (D:2)
  2 gnolls (D:10)
  17 adders
  6 river rats (Sewer)
  4 shadow imps
  4 white imps
  3 worms
  3 dart slugs
  27 orcs
  15 ball pythons
  12 bats
  8 endoplasms
  8 giant cockroaches
  8 goblins
  17 hobgoblins
  5 jackals
  28 kobolds
  9 quokkas
  5 frilled lizards
  A goblin skeleton (D:5)
  2 hobgoblin zombies (D:5)
  2 kobold zombies (D:5)
  An orc zombie (D:5)
  10 rats
332 creatures vanquished.

Notes
Turn   | Place    | Note
-------+----------+-------------------------------------------
     0 | D:1      | qw the Deep Elf Hunter began the quest for the Orb.
     0 | D:1      | Reached XP level 1. HP: 12/12 MP: 3/3
     0 | D:1      | 0 ||| qw: Version: 0.3-a-9-g12657ce
     0 | D:1      | 0 ||| qw: Game counter: 3216
     0 | D:1      | 0 ||| qw: Always use a shield: true
     0 | D:1      | 0 ||| qw: God list: Okawaru
     0 | D:1      | 0 ||| qw: Allow faded altars: false
     0 | D:1      | 0 ||| qw: Do Orc after D:15 true
     0 | D:1      | 0 ||| qw: Do second Lair branch before Depths: true
     0 | D:1      | 0 ||| qw: Lair rune preference: random
     0 | D:1      | 0 ||| qw: Plans: Normal
     0 | D:1      | 0 ||| PLANNING D:1-11
    82 | D:1      | Reached skill level 6 in Ranged Weapons
    82 | D:1      | Reached XP level 2. HP: 12/16 MP: 4/4
   245 | D:1      | 245 ||| UPGRADING to +0 pair of gloves.
   294 | D:1      | 294 ||| UPGRADING to +0 ring mail.
   304 | D:1      | 304 ||| DROPPING +0 leather armour.
   346 | D:1      | Found Leydif's Weapon Shoppe.
   453 | D:1      | Reached XP level 3. HP: 20/20 MP: 5/5
   468 | D:1      | 468 ||| READING scroll labelled DOHUJO OXIS.
   470 | D:1      | 470 ||| FLEEEEING.
   677 | D:1      | Reached skill level 7 in Ranged Weapons
  1105 | D:1      | 1105 ||| UPGRADING to ring of willpower.
  1106 | D:1      | 1106 ||| READING scroll labelled NUHAFR VUDEGU.
  1107 | D:1      | 1107 ||| READING 2 scrolls labelled UFIMI IVOI.
  1108 | D:1      | 1108 ||| READING scroll labelled COSCHU CATEA.
  1113 | D:1      | 1113 ||| DROPPING scroll of butterflies.
  1114 | D:1      | 1114 ||| DROPPING scroll of amnesia.
  1125 | D:2      | 1125 ||| STAIRDANCE
  1160 | D:2      | 1160 ||| STAIRDANCE
  1223 | D:2      | Reached XP level 4. HP: 25/25 MP: 6/6
  1322 | D:2      | Noticed Terence
  1326 | D:2      | Killed Terence
  1353 | D:2      | Reached skill level 8 in Ranged Weapons
  1506 | D:2      | Reached XP level 5. HP: 26/29 MP: 7/7
  1713 | D:2      | Found a faded altar of an unknown god.
  1779 | D:2      | 1779 ||| READING scroll labelled RICETO YCKI.
  1780 | D:2      | 1780 ||| READING scroll labelled FUROSHR KOTUE.
  2352 | D:3      | 2352 ||| UPGRADING to +0 helmet.
  2357 | D:3      | 2357 ||| UPGRADING to +4 ring of protection.
  2358 | D:3      | 2358 ||| READING scroll labelled AGIXUH RUVVO.
  2395 | D:4      | 2395 ||| PLANNING SEWER
  2398 | D:4      | Found a basalt altar of Yredelemnul.
  2398 | D:4      | Found the +1 robe of Vines {NoPotionHeal Regen++++}
  2487 | D:4      | Identified the +2 robe of Tonan {Regen+ rCorr Str-4 Dex-2}
  2519 | D:4      | Found a staircase to the Ecumenical Temple.
  2529 | D:4      | Reached skill level 9 in Ranged Weapons
  2578 | D:4      | Reached XP level 6. HP: 30/36 MP: 8/8
  2647 | D:4      | Found a stormy altar of Qazlal.
  2647 | D:4      | Noticed a sky beast
  2658 | D:4      | Killed a sky beast
  2659 | D:4      | Reached skill level 1 in Armour
  2816 | D:4      | Found a glowing silver altar of Zin.
  2912 | D:4      | Found a hazy altar of Hepliaklqana.
  3015 | D:4      | Found a glowing drain.
  3016 | D:4      | 3016 ||| UPGRADING to +1 robe of Vines {NoPotionHeal
                  | Regen++++}.
  3026 | D:4      | 3026 ||| DROPPING +0 ring mail.
  3027 | D:4      | 3027 ||| UPGRADING to ring of protection from cold.
  3029 | D:4      | 3029 ||| READING scroll labelled MASE ONLAYPTOSI.
  3030 | D:4      | 3030 ||| READING 2 scrolls labelled OKUONE ODEMYB.
  3030 | D:4      | Identified 2 scrolls of acquirement
  3030 | D:4      | 3030 ||| ACQUIRING +4 antimagic shortbow
  3030 | D:4      | Acquired a +4 antimagic shortbow
  3031 | D:4      | 3031 ||| READING scroll of acquirement.
  3031 | D:4      | 3031 ||| ACQUIRING ring "Zati" {Ice rCorr Int+4}
  3031 | D:4      | Acquired the ring "Zati" {Ice rCorr Int+4}
  3032 | D:4      | 3032 ||| READING 3 scrolls of identify.
  3032 | D:4      | 3032 ||| IDENTIFYING murky puce potion
  3033 | D:4      | 3033 ||| READING 2 scrolls of identify.
  3033 | D:4      | 3033 ||| IDENTIFYING glowing orange potion
  3034 | D:4      | 3034 ||| DROPPING potion of brilliance.
  3043 | Sewer    | Entered a sewer
  3074 | Sewer    | 3074 ||| Stepping ~*~*~tactically~*~*~ (water).
  3134 | Sewer    | 3134 ||| Stepping ~*~*~tactically~*~*~ (water).
  3136 | Sewer    | 3136 ||| Stepping ~*~*~tactically~*~*~ (water).
  3147 | Sewer    | 3147 ||| Stepping ~*~*~tactically~*~*~ (water).
  3165 | Sewer    | 3165 ||| Stepping ~*~*~tactically~*~*~ (water).
  3176 | Sewer    | 3176 ||| Stepping ~*~*~tactically~*~*~ (water).
  3178 | Sewer    | 3178 ||| Stepping ~*~*~tactically~*~*~ (water).
  3215 | Sewer    | Reached skill level 3 in Dodging
  3306 | Sewer    | 3306 ||| Stepping ~*~*~tactically~*~*~ (water).
  3308 | Sewer    | 3308 ||| Stepping ~*~*~tactically~*~*~ (water).
  3310 | Sewer    | 3310 ||| Stepping ~*~*~tactically~*~*~ (water).
  3327 | Sewer    | 3327 ||| Stepping ~*~*~tactically~*~*~ (water).
  3334 | Sewer    | 3334 ||| Stepping ~*~*~tactically~*~*~ (water).
  3376 | Sewer    | 3376 ||| Stepping ~*~*~tactically~*~*~ (water).
  3396 | Sewer    | Reached XP level 7. HP: 36/40 MP: 9/9
  3583 | Sewer    | 3583 ||| READING scroll labelled QUOFORORUV.
  3584 | Sewer    | 3584 ||| READING 4 scrolls of identify.
  3584 | Sewer    | 3584 ||| IDENTIFYING yellow potion
  3585 | Sewer    | 3585 ||| READING 3 scrolls of identify.
  3585 | Sewer    | 3585 ||| IDENTIFYING red potion
  3586 | Sewer    | 3586 ||| READING 2 scrolls of identify.
  3586 | Sewer    | 3586 ||| IDENTIFYING clear potion
  3587 | Sewer    | 3587 ||| DROPPING potion of lignification.
  3610 | D:4      | 3610 ||| PLANNING TEMPLE
  3651 | Temple   | Entered the Ecumenical Temple
  3652 | Temple   | 3652 ||| SWAPPING to +4 antimagic shortbow.
  3653 | Temple   | 3653 ||| DROPPING +0 shortbow.
  3796 | Temple   | 3796 ||| PLANNING D:1-11
  3936 | D:4      | Found Peoxonor's Magic Scroll Boutique.
  3943 | D:4      | 3943 ||| BUYING scroll of identify (28 gold).
  3943 | D:4      | Bought a scroll of identify for 28 gold pieces
  3943 | D:4      | 3943 ||| BUYING scroll of identify (28 gold).
  3943 | D:4      | Bought a scroll of identify for 28 gold pieces
  3943 | D:4      | 3943 ||| BUYING scroll of identify (28 gold).
  3943 | D:4      | Bought a scroll of identify for 28 gold pieces
  3943 | D:4      | 3943 ||| BUYING scroll of identify (28 gold).
  3943 | D:4      | Bought a scroll of identify for 28 gold pieces
  3943 | D:4      | 3943 ||| BUYING scroll of identify (28 gold).
  3943 | D:4      | Bought a scroll of identify for 28 gold pieces
  3943 | D:4      | 3943 ||| BUYING scroll of teleportation (42 gold).
  3943 | D:4      | Bought a scroll of teleportation for 42 gold pieces
  3943 | D:4      | 3943 ||| BUYING scroll of teleportation (42 gold).
  3943 | D:4      | Bought a scroll of teleportation for 42 gold pieces
  3956 | D:5      | Entered Level 5 of the Dungeon
  4020 | D:5      | Reached skill level 10 in Ranged Weapons
  4052 | D:5      | Found an iron altar of Okawaru.
  4053 | D:5      | 4053 ||| PLANNING OKAWARU WORSHIP
  4062 | D:5      | Became a worshipper of Warmaster Okawaru
  4063 | D:5      | 4063 ||| PLANNING D:1-11
  4076 | D:5      | Found Qaje Ysi's Weapon Shoppe.
  4222 | D:5      | Reached * piety under Okawaru
  4223 | D:5      | Reached skill level 11 in Ranged Weapons
  4263 | D:5      | Found Fiagil's Assorted Antiques.
  4271 | D:5      | 4271 ||| SHOPLISTING emerald ring (120 gold, have 49).
  4271 | D:5      | 4271 ||| SHOPLISTING orcbow (84 gold, have 49).
  4271 | D:5      | 4271 ||| BUYING white potion (21 gold).
  4271 | D:5      | Bought a white potion for 21 gold pieces
  4292 | D:5      | 4292 ||| INVOKING Heroism.
  4295 | D:5      | Reached XP level 8. HP: 45/45 MP: 1/10
  4324 | D:5      | Reached skill level 1 in Invocations
  4349 | D:5      | Found Zuiniqed's Book Shop.
  4496 | D:5      | Reached skill level 12 in Ranged Weapons
  4625 | D:5      | Found a glowing golden altar of the Shining One.
  4805 | D:5      | 4805 ||| INVOKING Heroism.
  4813 | D:5      | Reached skill level 3 in Fighting
  5104 | D:5      | 5104 ||| READING 8 scrolls of identify.
  5104 | D:5      | 5104 ||| IDENTIFYING white potion
  5105 | D:5      | 5105 ||| DROPPING potion of attraction.
  5205 | D:6      | Reached skill level 3 in Invocations
  5218 | D:6      | 5218 ||| INVOKING Heroism.
  5228 | D:6      | HP: 9/46 [yak (10)]
  5229 | D:6      | 5229 ||| READING 6 scrolls of teleportation.
  5245 | D:6      | 5245 ||| INVOKING Heroism.
  5261 | D:6      | Reached skill level 13 in Ranged Weapons
  5261 | D:6      | Reached XP level 9. HP: 50/50 MP: 2/14
  5322 | D:6      | 5322 ||| INVOKING Heroism.
  5388 | D:6      | Reached ** piety under Okawaru
  5389 | D:6      | Reached skill level 14 in Ranged Weapons
  5420 | D:6      | Reached skill level 6 in Dodging
  5522 | D:6      | 5522 ||| Stepping ~*~*~tactically~*~*~ (outnumbered).
  5525 | D:6      | 5525 ||| Stepping ~*~*~tactically~*~*~ (outnumbered).
  5530 | D:6      | 5530 ||| Stepping ~*~*~tactically~*~*~ (outnumbered).
  5532 | D:6      | 5532 ||| Stepping ~*~*~tactically~*~*~ (outnumbered).
  5572 | D:6      | Found Wuathriy's Serpentskin Sales.
  5594 | D:6      | 5594 ||| SHOPLISTING ring of poison resistance (240 gold,
                  | have 179).
  5746 | D:6      | 5746 ||| DROPPING ring of magical power.
  5747 | D:6      | 5747 ||| READING scroll labelled YDAANA GUTHO.
  5748 | D:6      | 5748 ||| READING scroll labelled CABUIM SAAHUAT.
  5749 | D:6      | 5749 ||| READING scroll labelled JIGREBINOT.
  5842 | D:7      | 5842 ||| STAIRDANCE
  5855 | D:7      | 5855 ||| STAIRDANCE
  5884 | D:7      | 5884 ||| SWAPPING to +0 orcbow.
  5885 | D:7      | 5885 ||| DROPPING +5 shortbow of draining.
  5903 | D:7      | 5903 ||| INVOKING Heroism.
  5950 | D:7      | 5950 ||| INVOKING Heroism.
  5965 | D:7      | Found Jyteirphu's Jewellery Boutique.
  5971 | D:7      | 5971 ||| SHOPLISTING +4 ring of protection (432 gold, have
                  | 186).
  5971 | D:7      | 5971 ||| SHOPLISTING +6 ring of dexterity (432 gold, have
                  | 186).
  5971 | D:7      | 5971 ||| SHOPLISTING +6 ring of strength (432 gold, have
                  | 186).
  5971 | D:7      | 5971 ||| SHOPLISTING amulet of reflection (360 gold, have
                  | 186).
  5971 | D:7      | 5971 ||| SHOPLISTING ring of positive energy (240 gold,
                  | have 186).
  5971 | D:7      | 5971 ||| SHOPLISTING ring of protection from fire (300
                  | gold, have 186).
  6335 | D:7      | 6335 ||| UPGRADING to ring of see invisible.
  6357 | D:8      | Reached skill level 15 in Ranged Weapons
  6357 | D:8      | Reached XP level 10. HP: 57/57 MP: 15/15
  6361 | D:8      | 6361 ||| STAIRDANCE
  6365 | D:7      | Reached *** piety under Okawaru
  6371 | D:7      | 6371 ||| INVOKING Heroism.
  6493 | D:8      | Found an opulent altar of Gozag.
  6623 | D:8      | Noticed Grum
  6624 | D:8      | 6624 ||| INVOKING Heroism.
  6630 | D:8      | 6630 ||| Stepping ~*~*~tactically~*~*~ (outnumbered).
  6642 | D:8      | Reached skill level 16 in Ranged Weapons
  6655 | D:8      | 6655 ||| INVOKING Heroism.
  6658 | D:8      | Killed Grum
  6673 | D:8      | 6673 ||| INVOKING Heroism.
  6870 | D:8      | 6870 ||| INVOKING Heroism.
  6871 | D:8      | 6871 ||| Stepping ~*~*~tactically~*~*~ (outnumbered).
  6885 | D:8      | 6885 ||| DRINKING potion of curing.
  6885 | D:8      | 6885 ||| (to cure confusion)
  6920 | D:8      | Found a radiant altar of Vehumet.
  6926 | D:8      | 6926 ||| INVOKING Heroism.
  6930 | D:8      | 6930 ||| Stepping ~*~*~tactically~*~*~ (cloud).
  6931 | D:8      | 6931 ||| Stepping ~*~*~tactically~*~*~ (cloud).
  6932 | D:8      | 6932 ||| Stepping ~*~*~tactically~*~*~ (cloud).
  6935 | D:8      | 6935 ||| Stepping ~*~*~tactically~*~*~ (cloud).
  7211 | D:8      | 7211 ||| READING 2 scrolls labelled CUVAL WI DIKK.
  7212 | D:8      | 7212 ||| READING 12 scrolls of identify.
  7212 | D:8      | 7212 ||| IDENTIFYING orange potion
  7213 | D:8      | 7213 ||| DROPPING scroll of poison.
  7215 | D:8      | 7215 ||| Stepping ~*~*~tactically~*~*~ (cloud).
  7278 | D:9      | Reached skill level 9 in Dodging
  7292 | D:9      | Found a sparkling altar of Nemelex Xobeh.
  7350 | D:9      | 7350 ||| READING scroll of enchant weapon.
  7350 | D:9      | 7350 ||| ENCHANTING +0 orcbow.
  7395 | D:9      | Found a snail-covered altar of Cheibriados.
  7413 | D:9      | 7413 ||| INVOKING Heroism.
  7566 | D:9      | Reached skill level 6 in Fighting
  7574 | D:9      | 7574 ||| SWAPPING to +4 orcbow.
  7575 | D:9      | 7575 ||| DROPPING +1 orcbow.
  7690 | D:9      | 7690 ||| INVOKING Heroism.
  7808 | D:9      | 7808 ||| DROPPING ring of wizardry.
  7809 | D:9      | 7809 ||| READING scroll labelled CEEVAO WORCH.
  7837 | D:10     | Entered Level 10 of the Dungeon
  7860 | D:10     | Found a blossoming altar of Fedhas.
  7917 | D:10     | Found a staircase to the Lair.
  7924 | D:10     | Noticed a gargoyle
  7933 | D:10     | Killed a gargoyle
  8052 | D:10     | Reached XP level 11. HP: 49/66 MP: 16/16
  8056 | D:10     | Reached **** piety under Okawaru
  8133 | D:10     | 8133 ||| INVOKING Heroism.
  8195 | D:10     | 8195 ||| INVOKING Heroism.
  8197 | D:10     | 8197 ||| Stepping ~*~*~tactically~*~*~ (outnumbered).
  8223 | D:10     | 8223 ||| INVOKING Heroism.
  8346 | D:10     | Found a staircase to the Orcish Mines.
  8350 | D:10     | 8350 ||| INVOKING Heroism.
  8386 | D:10     | 8386 ||| INVOKING Heroism.
  8470 | D:10     | Found a burning altar of Makhleb.
  8478 | D:10     | Found a broken altar of Ashenzari.
  8584 | D:10     | 8584 ||| PLANNING LAIR
  8584 | D:10     | 8584 ||| READING 14 scrolls of identify.
  8584 | D:10     | 8584 ||| IDENTIFYING smoky coppery potion
  8622 | Lair:1   | Entered Level 1 of the Lair of Beasts
  8625 | Lair:1   | 8625 ||| INVOKING Heroism.
  8634 | Lair:1   | 8634 ||| STAIRDANCE
  8690 | Lair:1   | 8690 ||| INVOKING Heroism.
  8728 | Lair:1   | 8728 ||| INVOKING Heroism.
  8732 | Lair:1   | Reached skill level 6 in Invocations
  8830 | Lair:1   | Paralysed by a hornet for 1 turns
  8830 | Lair:1   | Noticed Gastronok
  8831 | Lair:1   | 8831 ||| INVOKING Heroism.
  8831 | Lair:1   | HP: 15/67 [hornet (5)]
  8831 | Lair:1   | HP: 5/67 [hornet (10)]
  8832 | Lair:1   | 8832 ||| READING 7 scrolls of teleportation.
  8832 | Lair:1   | Succumbed to a hornet's poison

Levels and vault maps discovered:
D:1:      sevenhm_arrival_forest_fort_large_2, layout_basic, serial_shops, shop,
          serial_bayou_pond_a, hangedman_glass_teeth, minmay_surrounded
D:2:      layout_loops_cross, dreamdust_ecumenical_altar_sealed_demon,
          uniq_terence
D:3:      layout_rooms, grunt_decor_resistance, minmay_diced_spiral
D:4:      layout_basic, lemuel_tele_altar, nicolae_qazlal_beasts_of_the_sky,
          mainiacjoe_overflow_alcove_4, mainiacjoe_overflow_boulevard,
          minmay_temple_entry_wispy, portal_sewer_entry_e, serial_shops,
          nicolae_shop_just_a_little_nook
D:5:      layout_layer_cave, kennysheep_okawaru_gauntlet,
          nicolae_tso_besieged_by_evil, serial_shops, nicolae_shop_behind_doors,
          shop, nicolae_stop_n_shop_2, dreamdust_princess_bridge
D:6:      layout_rooms, grunt_ministairs_1, guppyfry_shop_venom
D:7:      layout_cave_pools, serial_shops, shop
D:8:      layout_basic, lemuel_doored_altar, vehumet_crystals, uniq_grum
D:9:      layout_cave_pools, amcnicky_altar_gilded,
          mainiacjoe_overflow_alcove_1, minmay_stone_trees_medium,
          minmay_tree_intersection
D:10:     layout_rooms, mainiacjoe_overflow_concentric_impassable,
          mainiacjoe_overflow_large_starburst, lair_entry_dummy,
          kennysheep_orc_monster_closet_entryway, nrook_mini_backslash
Temple:   hellmonk_temple_forest_ring
Lair:1:   layout_gridlike, dreamdust_wasp_nest, uniq_gastronok

Skill      XL: |  1  2  3  4  5  6  7  8  9 10 11 |
---------------+----------------------------------+-----
Ranged Weapons | 6 7 8 9 11 13 15 16 | 16.1
Fighting       | 2 3 4 6 7 |  7.3
Armour         | 1 |  1.8
Dodging        | 3 4 5 8 10 11 | 11.0
Invocations    | 4 6 |  6.4
Stealth        | |  1.2

Action                     |  1- 3 |  4- 6 |  7- 9 | 10-12 || total
---------------------------+-------+-------+-------+-------++-------
   Fire: Shortbow          |   108 |   306 |   342 |       ||   756
         Orcbow            |       |       |    61 |   516 ||   577
 Invoke: Heroism           |       |       |     7 |    17 ||    24
    Use: Scroll            |     4 |     8 |     9 |     6 ||    27
         Potion            |       |       |       |     1 ||     1
 Armour: Leather armour    |     8 |       |       |       ||     8
         Ring mail         |    28 |    40 |       |       ||    68
         Robe              |       |    29 |    59 |    64 ||   152
  Dodge: Dodged            |    51 |    99 |   171 |   291 ||   612

Table legend:
 A = Non-vault XP
 B = Vault XP
 C = Vault XP percentage of total XP
 D = Non-vault monster count
 E = Vault monster count
 F = Vault count percentage of total count
                 A         B        C        D         E       F
            +---------+---------+-------+---------+---------+-------
      Total |   12869 |    3426 |  21.0 |     239 |      93 |  28.0
            +---------+---------+-------+---------+---------+-------
        D:1 |      74 |       9 |  10.8 |      33 |       6 |  15.4
        D:2 |      89 |      36 |  28.8 |      24 |       1 |   4.0
        D:3 |      33 |      21 |  38.9 |      12 |       5 |  29.4
        D:4 |     183 |     145 |  44.2 |      16 |       9 |  36.0
        D:5 |    1089 |      20 |   1.8 |      14 |       9 |  39.1
        D:6 |    2512 |     288 |  10.3 |      35 |       7 |  16.7
        D:7 |    1204 |       0 |   0.0 |      22 |       0 |   0.0
        D:8 |    2083 |     438 |  17.4 |      32 |       3 |   8.6
        D:9 |    1437 |       0 |   0.0 |      23 |       0 |   0.0
       D:10 |    3090 |    1748 |  36.1 |      23 |      20 |  46.5
     Lair:1 |    1075 |     548 |  33.8 |       5 |       2 |  28.6
      Sewer |       0 |     173 | 100.0 |       0 |      31 | 100.0
            +---------+---------+-------+---------+---------+-------
